Rampage vs Thunderbirds
(R3)
Created - May 25, 2021 at 19:16
Goals
|
| Rampage |
1 |
3 |
0 |
4 |
| Thunderbirds |
2 |
3 |
1 |
6 |
|
Shots
|
| Rampage |
7 |
14 |
13 |
34 |
| Thunderbirds |
11 |
9 |
6 |
26 |
|
1st period
1. Thunderbirds , T.J. Tynan 5 (Brandon Montour 5, Petr Straka 7) at 7:50 (PP)
2. Rampage , Martin Hanzal 3 (Alexandre Grenier 10) at 8:44 (PP)
3. Thunderbirds , Brandon Montour 2 (Dylan Sikura 4, Valentin Zykov 9) at 13:04
Penalties :
Martin Hanzal (San) for Tripping (Minor) at 1:58, Lawson Crouse (San) for Holding (Minor) at 7:15, Roope Hintz (Spr) for Holding (Minor) at 8:19, Sebastian Aho (San) for Hooking (Minor) at 9:11, Jamie Oleksiak (San) for Holding (Minor) at 17:23
2nd period
4. Thunderbirds , Devin Shore 10 (Valentin Zykov 10, Christoffer Ehn 3) at 2:16
5. Rampage , Alexandre Grenier 4 (Martin Hanzal 15, Michael Stone 6) at 3:13
6. Thunderbirds , Devin Shore 11 (T.J. Tynan 6) at 8:07
7. Rampage , Lawson Crouse 2 (Blake Pietila 6, Joe Morrow 7) at 10:43
8. Rampage , Thomas Spelling 5 (Kyle Rau 6, Damon Severson 5) at 12:25
9. Thunderbirds , Roope Hintz 3 (Brandon Montour 6, Joonas Korpisalo) at 16:42
Penalties :
Devin Shore (Spr) for Slashing (Double Minor) at 3:16, Lawson Crouse (San) for Hooking (Minor) at 8:15, Jujhar Khaira (Spr) for Tripping (Minor) at 8:22, Christoffer Ehn (Spr) for Hooking (Minor) at 13:41
3rd period
10. Thunderbirds , T.J. Tynan 6 (Jujhar Khaira 6, Ethan Bear 2) at 15:49
Penalties :
T.J. Tynan (Spr) for Holding (Minor) at 4:28, Jujhar Khaira (Spr) for Hooking (Minor) at 8:24, Patrick Wey (Spr) for High sticking (Minor) at 13:38, T.J. Tynan (Spr) for Tripping (Minor) at 18:17
Goalie Stats
Laurent Brossoit (San), 9 saves from 11 shots - (0.818), L, 4-3-1, 31:53 minutes
Ebbe Siönäs (San), 11 saves from 15 shots - (0.733), 28:07 minutes
Joonas Korpisalo (Spr), 30 saves from 34 shots - (0.882), W, 5-0-2, 60:00 minutes
Players Stats for Rampage
Player Name G A P +/- PIM S H SB GA TA FO MP PP MP PK MP
------------------------------------------------------------------------------------
Alexandre Grenier 1 1 2 -1 0 3 0 1 0 2 2/2 23:11 6:48 2:15
Anton Karlsson 0 0 0 0 0 1 0 1 0 0 0/1 12:13 1:25 0:00
Anton Lindholm 0 0 0 -1 0 0 1 3 0 0 0/0 12:28 0:18 0:00
Blake Pietila 0 1 1 0 0 4 2 2 3 0 3/3 20:51 7:03 3:44
Damon Severson 0 1 1 0 0 2 1 2 0 0 0/0 26:39 5:39 3:47
Fredrik Olofsson 0 0 0 -2 0 1 0 1 0 0 0/0 13:19 0:18 0:00
Jakub Zboril 0 0 0 -1 0 1 0 0 0 0 0/0 3:57 0:11 1:05
Jamie Oleksiak 0 0 0 -1 2 3 3 3 0 0 0/0 21:22 8:12 1:51
Joe Morrow 0 1 1 -1 0 1 1 0 0 1 0/0 19:34 5:46 2:52
Kyle Rau 0 1 1 1 0 2 0 1 0 0 5/9 9:13 0:00 0:00
Lawson Crouse 1 0 1 0 4 4 7 1 0 0 0/2 20:44 5:48 0:28
Martin Hanzal 1 1 2 0 2 7 1 0 0 1 20/37 24:39 6:55 2:46
Matthew Highmore 0 0 0 -1 0 0 0 0 0 0 1/2 5:23 0:00 0:00
Max Friberg 0 0 0 -1 0 0 4 0 0 0 0/1 17:19 6:00 2:15
Michael Stone 0 1 1 1 0 1 3 3 1 3 0/0 26:18 8:12 3:43
Sebastian Aho 0 0 0 -1 2 2 1 0 0 0 3/7 15:12 6:00 0:30
Thomas Spelling 1 0 1 0 0 2 0 1 1 0 0/0 10:50 1:14 0:00
Victor Olofsson 0 0 0 -2 0 0 2 1 1 0 1/1 8:12 0:56 1:20
Players Stats for Thunderbirds
Player Name G A P +/- PIM S H SB GA TA FO MP PP MP PK MP
------------------------------------------------------------------------------------
Brandon Montour 1 2 3 0 0 3 2 3 1 0 0/0 28:44 4:18 8:05
Christoffer Ehn 0 1 1 1 2 1 0 2 0 0 6/12 14:01 0:00 6:48
Devin Shore 2 0 2 2 4 2 2 2 1 1 12/26 21:44 3:52 5:03
Dylan Sikura 0 1 1 1 0 0 1 0 0 1 1/1 6:21 0:00 0:00
Ethan Bear 0 1 1 3 0 0 1 1 0 0 0/0 11:26 2:21 0:19
Hudson Fasching 0 0 0 -2 0 2 2 2 0 0 0/1 10:17 0:07 0:00
Jack Roslovic 0 0 0 -1 0 1 0 0 1 0 6/12 14:38 0:06 2:52
Jacob De La Rose 0 0 0 -2 0 1 1 0 0 0 1/3 9:43 0:00 3:30
Jujhar Khaira 0 1 1 3 4 1 2 2 1 0 1/2 19:19 3:50 2:11
Martin Frk 0 0 0 2 0 3 0 1 0 1 1/2 14:50 3:51 0:00
Martin Marincin 0 0 0 -1 0 0 2 2 0 0 0/0 21:32 0:00 7:58
Patrick Wey 0 0 0 2 2 2 2 2 0 1 0/0 20:43 2:21 0:19
Petr Straka 0 1 1 0 0 0 3 0 1 0 0/1 10:09 2:41 0:00
Roland McKeown 0 0 0 1 0 0 0 0 0 1 0/0 13:34 0:00 5:45
Roope Hintz 1 0 1 0 2 3 2 1 1 0 0/0 14:09 0:07 5:44
T.J. Tynan 2 1 3 1 4 6 2 1 1 0 1/4 17:14 2:41 1:55
Tony DeAngelo 0 0 0 -1 0 1 0 4 0 1 0/0 24:05 4:18 5:52
Valentin Zykov 0 2 2 1 0 0 2 0 0 0 1/1 11:22 2:41 0:15
3 Stars
1 - Brandon Montour (Spr)
2 - T.J. Tynan (Spr)
3 - Devin Shore (Spr)
Power Play
Rampage - 1 on 9 Attempt(s) - 11.11%
Thunderbirds - 1 on 5 Attempt(s) - 20.00%
Penalty Kill
Rampage - 4 on 5 Attempt(s) - 80.00%
- Score 0 goal in Penalty Kill
Thunderbirds - 8 on 9 Attempt(s) - 88.89%
- Score 0 goal in Penalty Kill
Team Stat
Rampage - Hits : 26 - Faceoff Wins : 35 - Blocked Shots : 20 - Penalty Minutes : 10
Thunderbirds - Hits : 24 - Faceoff Wins : 30 - Blocked Shots : 23 - Penalty Minutes : 18
Official
Referees : Unknown
Linesman : Unknown
Game Notes
Laurent Brossoit enters game at 8:07 of 2nd period
Jacob De La Rose is injured at 17:37 of 2nd period (Lower Body)
Finance
Level 1 -- Attendance: 1849 (92.45%) -- Ticket Income $73,960
Level 2 -- Attendance: 874 (87.40%) -- Ticket Income $17,480
Total Attendance: 2723 (90.77%)
Total Ticket Income: $91,440
Other Income: $4,572
Total Income: $96,012
Rampage
5 vs 5 Forward
Center Left Wing Right Wing Time % Phy DF OF
1 Martin Hanzal Lawson Crouse Alexandre Grenier 40 1 2 2
2 Sebastian Aho Blake Pietila Max Friberg 30 1 2 2
3 Kyle Rau Anton Karlsson Thomas Spelling 20 1 2 2
4 Matthew Highmore Fredrik Olofsson Victor Olofsson 10 1 2 2
5 vs 5 Defense
Defense Defense Time % Phy DF OF
1 Michael Stone Damon Severson 40 1 2 2
2 Jamie Oleksiak Joe Morrow 30 1 2 2
3 Anton Lindholm Fredrik Olofsson 30 1 2 2
4 Michael Stone Damon Severson 0 1 2 2
PowerPlay Forward
Center Left Wing Right Wing Time % Phy DF OF
1 Martin Hanzal Blake Pietila Alexandre Grenier 60 1 2 2
2 Sebastian Aho Lawson Crouse Max Friberg 40 1 2 2
PowerPlay Defense
Defense Defense Time % Phy DF OF
1 Michael Stone Jamie Oleksiak 60 1 2 2
2 Damon Severson Joe Morrow 40 1 2 2
Penalty Kill 4 Players Forward
Center Wing Time % Phy DF OF
1 Martin Hanzal Blake Pietila 60 1 2 2
2 Alexandre Grenier Max Friberg 40 1 2 2
Penalty Kill 4 Players Defense
Defense Defense Time % Phy DF OF
1 Michael Stone Damon Severson 60 1 2 2
2 Jamie Oleksiak Joe Morrow 40 1 2 2
Penalty Kill - 3 Players Forward
Forward Time % Phy DF OF
1 Martin Hanzal 60 1 2 2
2 Sebastian Aho 40 1 2 2
Penalty Kill - 3 Players Defense
Defense Defense Time % Phy DF OF
1 Michael Stone Jamie Oleksiak 60 1 2 2
2 Damon Severson Joe Morrow 40 1 2 2
4 vs 4 Forward
Center Wing Time % Phy DF OF
1 Martin Hanzal Blake Pietila 60 1 2 2
2 Alexandre Grenier Max Friberg 40 1 2 2
4 vs 4 Defense
Defense Defense Time % Phy DF OF
1 Jamie Oleksiak Damon Severson 60 1 2 2
2 Anton Lindholm Joe Morrow 40 1 2 2
Last Minutes Offensive
Center Left Wing Right Wing Defense Defense
Sebastian Aho Blake Pietila Thomas Spelling Michael Stone Damon Severson
Last Minutes Defensive
Center Left Wing Right Wing Defense Defense
Martin Hanzal Blake Pietila Alexandre Grenier Michael Stone Damon Severson
Goaltenders
Starting : Ebbe Siönäs
Backup : Laurent Brossoit
Extra Forwards
Normal : Anton Karlsson, Thomas Spelling, Victor Olofsson - PP : Anton Karlsson, Thomas Spelling - PK : Victor Olofsson
Extra Defensemen
Normal : Anton Lindholm, Joe Morrow, Jakub Zboril - PP : Anton Lindholm - PK : Joe Morrow, Jakub Zboril
Penalty Shots
Martin Hanzal, Blake Pietila, Alexandre Grenier, Max Friberg, Kyle Rau
Scratches
Eric Robinson (Healthy), Kevin Stenlund (Healthy), Zachary Senyshyn (Healthy), Austin Wuthrich (Healthy), Louis Belpedio (Healthy)
Cameron Darcy (Healthy), Nolan Vesey (Healthy), Vaclav Karabacek (Healthy), Kyle Pettit (Healthy), Dylan Sadowy (Healthy)
Jeffrey Foss (Healthy)
Thunderbirds
5 vs 5 Forward
Center Left Wing Right Wing Time % Phy DF OF
1 Devin Shore Jujhar Khaira Martin Frk 40 1 2 2
2 T.J. Tynan Roope Hintz Petr Straka 30 1 2 2
3 Jack Roslovic Jacob De La Rose Hudson Fasching 20 1 2 2
4 Christoffer Ehn Valentin Zykov Dylan Sikura 10 1 2 2
5 vs 5 Defense
Defense Defense Time % Phy DF OF
1 Patrick Wey Brandon Montour 40 1 2 2
2 Martin Marincin Tony DeAngelo 30 1 2 2
3 Roland McKeown Ethan Bear 20 1 2 2
4 Patrick Wey Martin Marincin 10 1 2 2
PowerPlay Forward
Center Left Wing Right Wing Time % Phy DF OF
1 Devin Shore Jujhar Khaira Martin Frk 60 1 2 2
2 T.J. Tynan Valentin Zykov Petr Straka 40 1 2 2
PowerPlay Defense
Defense Defense Time % Phy DF OF
1 Brandon Montour Tony DeAngelo 60 1 2 2
2 Patrick Wey Ethan Bear 40 1 2 2
Penalty Kill 4 Players Forward
Center Wing Time % Phy DF OF
1 Christoffer Ehn Jacob De La Rose 60 1 2 2
2 T.J. Tynan Roope Hintz 40 1 2 2
Penalty Kill 4 Players Defense
Defense Defense Time % Phy DF OF
1 Martin Marincin Brandon Montour 60 1 2 2
2 Tony DeAngelo Roland McKeown 40 1 2 2
Penalty Kill - 3 Players Forward
Forward Time % Phy DF OF
1 Christoffer Ehn 60 1 2 2
2 Jacob De La Rose 40 1 2 2
Penalty Kill - 3 Players Defense
Defense Defense Time % Phy DF OF
1 Roland McKeown Martin Marincin 60 1 2 2
2 Brandon Montour Tony DeAngelo 40 1 2 2
4 vs 4 Forward
Center Wing Time % Phy DF OF
1 Devin Shore Jujhar Khaira 60 1 2 2
2 T.J. Tynan Martin Frk 40 1 2 2
4 vs 4 Defense
Defense Defense Time % Phy DF OF
1 Patrick Wey Martin Marincin 60 1 2 2
2 Brandon Montour Tony DeAngelo 40 1 2 2
Last Minutes Offensive
Center Left Wing Right Wing Defense Defense
Devin Shore Jujhar Khaira Martin Frk Patrick Wey Tony DeAngelo
Last Minutes Defensive
Center Left Wing Right Wing Defense Defense
Christoffer Ehn Jacob De La Rose Dylan Sikura Brandon Montour Martin Marincin
Goaltenders
Starting : Joonas Korpisalo
Backup : Anders Nilsson
Extra Forwards
Normal : T.J. Tynan, Valentin Zykov, Jack Roslovic - PP : T.J. Tynan, Valentin Zykov - PK : Devin Shore
Extra Defensemen
Normal : Roland McKeown, Ethan Bear, Brandon Montour - PP : Roland McKeown - PK : Ethan Bear, Brandon Montour
Penalty Shots
Jack Roslovic, Devin Shore, Petr Straka, T.J. Tynan, Roope Hintz
Scratches
Timo Meier (Bruised Right Shoulder Injury), Alan Quine (Healthy), Collin Miller (Healthy), Scott Wilson (Healthy), Adam Clendening (Healthy)
Nikita Nesterov (Healthy), Eamon McAdam (Healthy)
% Time on Ice - Rampage
Lines # - Real PCT - Wanted PCT - Time Play
Normal Forward
1 - 39% - 40% - 14:32
2 - 22% - 30% - 8:12
3 - 25% - 20% - 9:13
4 - 14% - 10% - 5:23
Normal Defense
1 - 43% - 40% - 16:10
2 - 28% - 30% - 10:35
3 - 28% - 30% - 10:35
4 - 0% - 0% - 0:00
PP Forward
1 - 57% - 60% - 8:02
2 - 43% - 40% - 6:07
PP Defense
1 - 59% - 60% - 8:23
2 - 41% - 40% - 5:46
PK Forward
1 - 66% - 60% - 4:24
2 - 34% - 40% - 2:15
PK Defense
1 - 57% - 60% - 3:47
2 - 43% - 40% - 2:52
PK3 Forward
1 - 0% - 60%
2 - 0% - 40%
PK3 Defense
1 - 0% - 60%
2 - 0% - 40%
44 Forward
1 - 54% - 60% - 1:00
2 - 46% - 40% - 0:52
44 Defense
1 - 81% - 60% - 1:31
2 - 19% - 40% - 0:21
Last Minute Offensive - 0:00
Last Minute Defensive - 0:00
Total
Forward - 60:00
Defense - 60:00
|
% Time on Ice - Thunderbirds
Lines # - Real PCT - Wanted PCT - Time Play
Normal Forward
1 - 36% - 40% - 13:21
2 - 20% - 30% - 7:28
3 - 27% - 20% - 10:10
4 - 17% - 10% - 6:21
Normal Defense
1 - 40% - 40% - 14:58
2 - 34% - 30% - 12:49
3 - 18% - 20% - 6:49
4 - 7% - 10% - 2:44
PP Forward
1 - 60% - 60% - 3:58
2 - 40% - 40% - 2:41
PP Defense
1 - 65% - 60% - 4:18
2 - 35% - 40% - 2:21
PK Forward
1 - 86% - 60% - 12:14
2 - 14% - 40% - 1:55
PK Defense
1 - 56% - 60% - 7:58
2 - 44% - 40% - 6:11
PK3 Forward
1 - 0% - 60%
2 - 0% - 40%
PK3 Defense
1 - 0% - 60%
2 - 0% - 40%
44 Forward
1 - 100% - 60% - 1:52
2 - 0% - 40% - 0:00
44 Defense
1 - 24% - 60% - 0:27
2 - 76% - 40% - 1:25
Last Minute Offensive - 0:00
Last Minute Defensive - 0:00
Total
Forward - 60:00
Defense - 60:00
|
Play-by-Play
1st period
0:01 of 1st period - Martin Hanzal wins face-off versus Devin Shore in neutral zone.
0:10 of 1st period - Snap shot by Alexandre Grenier.
0:10 of 1st period - Stopped by Joonas Korpisalo without a rebound.
0:11 of 1st period - T.J. Tynan wins face-off versus Max Friberg in Thunderbirds zone.
0:11 of 1st period - T.J. Tynan is hit by Jamie Oleksiak.
0:17 of 1st period - Snap shot by Blake Pietila.
0:17 of 1st period - Shot Blocked by Tony DeAngelo.
0:19 of 1st period - Wrist shot by Max Friberg.
0:19 of 1st period - Shot Misses the Net.
0:21 of 1st period - Slapshot by Jamie Oleksiak.
0:21 of 1st period - Shot Blocked by Tony DeAngelo.
0:23 of 1st period - Wrist shot by Blake Pietila.
0:23 of 1st period - Stopped by Joonas Korpisalo with a rebound.
0:25 of 1st period - Slapshot by Joe Morrow.
0:25 of 1st period - Shot Misses the Net.
0:27 of 1st period - Slapshot by Max Friberg.
0:27 of 1st period - Deflect By Blake Pietila.
0:27 of 1st period - Shot Misses the Net.
0:27 of 1st period - Puck is out of play.
0:28 of 1st period - Jack Roslovic wins face-off versus Kyle Rau in Thunderbirds zone.
0:33 of 1st period - Slapshot by Hudson Fasching.
0:33 of 1st period - Deflect By Jacob De La Rose.
0:33 of 1st period - Shot Blocked by Anton Lindholm.
0:33 of 1st period - Puck is out of play.
0:34 of 1st period - Kyle Rau wins face-off versus Jack Roslovic in Rampage zone.
1:58 of 1st period - Minor Penalty to Martin Hanzal for Tripping.
1:59 of 1st period - Victor Olofsson wins face-off versus Devin Shore in Rampage zone.
2:16 of 1st period - Damon Severson is hit by Brandon Montour and loses puck.
3:58 of 1st period - Penalty to Martin Hanzal is over, Martin Hanzal is back on ice.
4:51 of 1st period - Thomas Spelling is hit by Hudson Fasching and loses puck.
5:52 of 1st period - Roland McKeown is hit by Max Friberg and loses puck.
6:03 of 1st period - Wrist shot by T.J. Tynan.
6:03 of 1st period - Shot Blocked by Anton Lindholm.
6:37 of 1st period - Snap shot by Blake Pietila.
6:37 of 1st period - Deflect By Max Friberg.
6:37 of 1st period - Shot Misses the Net.
6:37 of 1st period - Puck is out of play.
6:38 of 1st period - Sebastian Aho wins face-off versus Jack Roslovic in Thunderbirds zone.
6:43 of 1st period - Snap shot by Blake Pietila.
6:43 of 1st period - Deflect By Sebastian Aho.
6:43 of 1st period - Stopped by Joonas Korpisalo with a rebound.
7:03 of 1st period - Jamie Oleksiak is hit by Martin Marincin and loses puck.
7:12 of 1st period - Snap shot by Petr Straka.
7:12 of 1st period - Deflect By T.J. Tynan.
7:12 of 1st period - Stopped by Ebbe Siönäs without a rebound.
7:13 of 1st period - Martin Hanzal wins face-off versus Devin Shore in Rampage zone.
7:15 of 1st period - Minor Penalty to Lawson Crouse for Holding.
7:16 of 1st period - Martin Hanzal wins face-off versus Devin Shore in Rampage zone.
7:27 of 1st period - Jujhar Khaira is hit by Blake Pietila and loses puck.
7:46 of 1st period - Snap shot by Petr Straka.
7:46 of 1st period - Shot Blocked by Michael Stone.
7:48 of 1st period - Snap shot by Brandon Montour.
7:48 of 1st period - Shot Misses the Net.
7:50 of 1st period - Snap shot by T.J. Tynan.
7:50 of 1st period - Goal by T.J. Tynan - Rampage : 0 - Thunderbirds : 1.
7:51 of 1st period - Jujhar Khaira wins face-off versus Martin Hanzal in neutral zone.
7:54 of 1st period - Martin Hanzal is hit by Devin Shore and loses puck.
8:07 of 1st period - Backhand shot by Alexandre Grenier.
8:07 of 1st period - Deflect By Martin Hanzal.
8:07 of 1st period - Stopped by Joonas Korpisalo with a rebound.
8:17 of 1st period - Petr Straka is hit by Blake Pietila and loses puck.
8:19 of 1st period - Minor Penalty to Roope Hintz for Holding.
8:20 of 1st period - Christoffer Ehn wins face-off versus Martin Hanzal in Thunderbirds zone.
8:26 of 1st period - Icing by Michael Stone.
8:27 of 1st period - Martin Hanzal wins face-off versus Christoffer Ehn in Rampage zone.
8:31 of 1st period - Off-side.
8:32 of 1st period - Blake Pietila wins face-off versus Christoffer Ehn in neutral zone.
8:34 of 1st period - Off-side.
8:35 of 1st period - Martin Hanzal wins face-off versus Christoffer Ehn in neutral zone.
8:40 of 1st period - Snap shot by Alexandre Grenier.
8:40 of 1st period - Shot Blocked by Martin Marincin.
8:42 of 1st period - Snap shot by Alexandre Grenier.
8:42 of 1st period - Shot Misses the Net.
8:44 of 1st period - Snap shot by Martin Hanzal.
8:44 of 1st period - Goal by Martin Hanzal - Rampage : 1 - Thunderbirds : 1.
8:45 of 1st period - Devin Shore wins face-off versus Martin Hanzal in neutral zone.
8:48 of 1st period - Slapshot by Martin Frk.
8:48 of 1st period - Shot Blocked by Damon Severson.
8:54 of 1st period - Slapshot by Alexandre Grenier.
8:54 of 1st period - Shot Misses the Net.
8:56 of 1st period - Slapshot by Michael Stone.
8:56 of 1st period - Shot Blocked by Devin Shore.
8:58 of 1st period - Backhand shot by Martin Hanzal.
8:58 of 1st period - Shot Blocked by Brandon Montour.
9:00 of 1st period - Snap shot by Lawson Crouse.
9:00 of 1st period - Stopped by Joonas Korpisalo with a rebound.
9:11 of 1st period - Minor Penalty to Sebastian Aho for Hooking.
9:12 of 1st period - Martin Hanzal wins face-off versus Devin Shore in Rampage zone.
10:12 of 1st period - Wrist shot by Jujhar Khaira.
10:12 of 1st period - Shot Blocked by Jamie Oleksiak.
10:14 of 1st period - Slapshot by Tony DeAngelo.
10:14 of 1st period - Shot Misses the Net.
10:16 of 1st period - Backhand shot by Jujhar Khaira.
10:16 of 1st period - Shot Blocked by Blake Pietila.
10:18 of 1st period - Wrist shot by Jujhar Khaira.
10:18 of 1st period - Stopped by Ebbe Siönäs without a rebound.
10:19 of 1st period - Alexandre Grenier wins face-off versus Petr Straka in Rampage zone.
11:11 of 1st period - Penalty to Sebastian Aho is over, Sebastian Aho is back on ice.
11:25 of 1st period - Off-side.
11:26 of 1st period - Kyle Rau wins face-off versus Hudson Fasching in neutral zone.
11:29 of 1st period - Wrist shot by Thomas Spelling.
11:29 of 1st period - Shot Misses the Net.
11:39 of 1st period - Slapshot by Hudson Fasching.
11:39 of 1st period - Stopped by Ebbe Siönäs with a rebound.
12:11 of 1st period - Alexandre Grenier is hit by T.J. Tynan and loses puck.
12:31 of 1st period - Snap shot by Martin Frk.
12:31 of 1st period - Stopped by Ebbe Siönäs with a rebound.
13:00 of 1st period - Wrist shot by Valentin Zykov.
13:00 of 1st period - Shot Misses the Net.
13:02 of 1st period - Slapshot by Dylan Sikura.
13:02 of 1st period - Shot Misses the Net.
13:04 of 1st period - Slapshot by Brandon Montour.
13:04 of 1st period - Goal by Brandon Montour - Rampage : 1 - Thunderbirds : 2.
13:05 of 1st period - Devin Shore wins face-off versus Martin Hanzal in neutral zone.
13:22 of 1st period - Lawson Crouse is hit by Devin Shore and loses puck.
13:56 of 1st period - Victor Olofsson is hit by Ethan Bear and loses puck.
14:19 of 1st period - Damon Severson is hit by Valentin Zykov and loses puck.
14:26 of 1st period - Valentin Zykov is hit by Anton Lindholm and loses puck.
14:39 of 1st period - Slapshot by Matthew Highmore.
14:39 of 1st period - Shot Misses the Net.
14:41 of 1st period - Wrist shot by Jakub Zboril.
14:41 of 1st period - Stopped by Joonas Korpisalo without a rebound.
14:42 of 1st period - Devin Shore wins face-off versus Martin Hanzal in Thunderbirds zone.
14:42 of 1st period - Devin Shore is hit by Lawson Crouse.
14:50 of 1st period - Backhand shot by Devin Shore.
14:50 of 1st period - Shot Blocked by Alexandre Grenier.
14:52 of 1st period - Wrist shot by Martin Frk.
14:52 of 1st period - Shot Blocked by Lawson Crouse.
14:54 of 1st period - Snap shot by Martin Frk.
14:54 of 1st period - Shot Misses the Net.
14:56 of 1st period - Snap shot by Patrick Wey.
14:56 of 1st period - Shot Blocked by Anton Lindholm.
14:58 of 1st period - Slapshot by Martin Frk.
14:58 of 1st period - Stopped by Ebbe Siönäs with a rebound.
16:27 of 1st period - Wrist shot by Roope Hintz.
16:27 of 1st period - Stopped by Ebbe Siönäs with a rebound.
16:29 of 1st period - Snap shot by T.J. Tynan.
16:29 of 1st period - Stopped by Ebbe Siönäs with a rebound.
16:31 of 1st period - Slapshot by Tony DeAngelo.
16:31 of 1st period - Stopped by Ebbe Siönäs with a rebound.
16:33 of 1st period - Snap shot by Petr Straka.
16:33 of 1st period - Shot Blocked by Michael Stone.
16:43 of 1st period - Wrist shot by Jack Roslovic.
16:43 of 1st period - Deflect By Michael Stone.
16:43 of 1st period - Shot Blocked by Anton Karlsson.
16:43 of 1st period - Puck is out of play.
16:44 of 1st period - Kyle Rau wins face-off versus Jack Roslovic in Rampage zone.
17:09 of 1st period - Joe Morrow is hit by Patrick Wey and loses puck.
17:23 of 1st period - Minor Penalty to Jamie Oleksiak for Holding.
17:24 of 1st period - Devin Shore wins face-off versus Martin Hanzal in Rampage zone.
17:32 of 1st period - Snap shot by Martin Frk.
17:32 of 1st period - Shot Blocked by Michael Stone.
17:38 of 1st period - Slapshot by Devin Shore.
17:38 of 1st period - Deflect By Martin Hanzal.
17:38 of 1st period - Shot Blocked by Damon Severson.
17:38 of 1st period - Puck is out of play.
17:39 of 1st period - Martin Hanzal wins face-off versus Jujhar Khaira in Rampage zone.
17:48 of 1st period - Snap shot by Martin Hanzal.
17:48 of 1st period - Shot Blocked by Jujhar Khaira.
18:17 of 1st period - Wrist shot by Petr Straka.
18:17 of 1st period - Shot Misses the Net.
18:42 of 1st period - Jujhar Khaira is hit by Martin Hanzal and loses puck.
19:23 of 1st period - Penalty to Jamie Oleksiak is over, Jamie Oleksiak is back on ice.
19:25 of 1st period - Max Friberg is hit by Petr Straka.
19:57 of 1st period - Wrist shot by Patrick Wey.
19:57 of 1st period - Shot Blocked by Victor Olofsson.
19:59 of 1st period - Snap shot by Christoffer Ehn.
19:59 of 1st period - Stopped by Ebbe Siönäs without a rebound.
Goals for this period are 1 for Rampage vs 2 for Thunderbirds.
Shots for this period are 7 for Rampage vs 11 for Thunderbirds.
2nd period
0:01 of 2nd period - Martin Hanzal wins face-off versus Devin Shore in neutral zone.
0:45 of 2nd period - Damon Severson is hit by Roope Hintz and loses puck.
1:02 of 2nd period - Snap shot by Max Friberg.
1:02 of 2nd period - Shot Misses the Net.
1:04 of 2nd period - Wrist shot by Blake Pietila.
1:04 of 2nd period - Stopped by Joonas Korpisalo without a rebound.
1:05 of 2nd period - Devin Shore wins face-off versus Martin Hanzal in Thunderbirds zone.
1:30 of 2nd period - Snap shot by Jack Roslovic.
1:30 of 2nd period - Stopped by Ebbe Siönäs with a rebound.
1:32 of 2nd period - Wrist shot by Hudson Fasching.
1:32 of 2nd period - Stopped by Ebbe Siönäs with a rebound.
2:16 of 2nd period - Wrist shot by Devin Shore.
2:16 of 2nd period - Goal by Devin Shore - Rampage : 1 - Thunderbirds : 3.
2:17 of 2nd period - Devin Shore wins face-off versus Martin Hanzal in neutral zone.
2:21 of 2nd period - Off-side.
2:22 of 2nd period - Alexandre Grenier wins face-off versus Martin Frk in neutral zone.
2:29 of 2nd period - Off-side.
2:30 of 2nd period - Devin Shore wins face-off versus Martin Hanzal in neutral zone.
3:13 of 2nd period - Wrist shot by Alexandre Grenier.
3:13 of 2nd period - Goal by Alexandre Grenier - Rampage : 2 - Thunderbirds : 3.
3:14 of 2nd period - Devin Shore wins face-off versus Sebastian Aho in neutral zone.
3:16 of 2nd period - Double Minor Penalty to Devin Shore for Slashing.
3:17 of 2nd period - Christoffer Ehn wins face-off versus Martin Hanzal in Thunderbirds zone.
3:33 of 2nd period - Wrist shot by Martin Hanzal.
3:33 of 2nd period - Shot Misses the Net.
3:45 of 2nd period - Slapshot by Sebastian Aho.
3:45 of 2nd period - Deflect By Martin Marincin.
3:45 of 2nd period - Shot Blocked by Christoffer Ehn.
3:45 of 2nd period - Puck is out of play.
3:46 of 2nd period - Jacob De La Rose wins face-off versus Lawson Crouse in Thunderbirds zone.
3:55 of 2nd period - Snap shot by Lawson Crouse.
3:55 of 2nd period - Stopped by Joonas Korpisalo with a rebound.
3:57 of 2nd period - Slapshot by Damon Severson.
3:57 of 2nd period - Deflect By Sebastian Aho.
3:57 of 2nd period - Shot Misses the Net.
3:57 of 2nd period - Puck is out of play.
3:58 of 2nd period - Martin Hanzal wins face-off versus Jacob De La Rose in Thunderbirds zone.
4:09 of 2nd period - Slapshot by Blake Pietila.
4:09 of 2nd period - Deflect By Alexandre Grenier.
4:09 of 2nd period - Stopped by Joonas Korpisalo with a rebound.
4:11 of 2nd period - Slapshot by Michael Stone.
4:11 of 2nd period - Stopped by Joonas Korpisalo without a rebound.
4:12 of 2nd period - Martin Hanzal wins face-off versus Jacob De La Rose in Thunderbirds zone.
4:25 of 2nd period - Blake Pietila is hit by Jacob De La Rose and loses puck.
4:42 of 2nd period - Slapshot by Brandon Montour.
4:42 of 2nd period - Shot Blocked by Jamie Oleksiak.
6:14 of 2nd period - Roland McKeown is hit by Max Friberg and loses puck.
6:41 of 2nd period - Martin Marincin is hit by Jamie Oleksiak.
7:16 of 2nd period - Penalty to Devin Shore is over, Devin Shore is back on ice.
7:40 of 2nd period - T.J. Tynan is hit by Victor Olofsson and loses puck.
8:07 of 2nd period - Snap shot by Devin Shore.
8:07 of 2nd period - Goal by Devin Shore - Rampage : 2 - Thunderbirds : 4.
8:07 of 2nd period - Laurent Brossoit enters game.
8:08 of 2nd period - Jack Roslovic wins face-off versus Martin Hanzal in neutral zone.
8:12 of 2nd period - Tony DeAngelo is hit by Jamie Oleksiak and loses puck.
8:15 of 2nd period - Minor Penalty to Lawson Crouse for Hooking.
8:16 of 2nd period - Blake Pietila wins face-off versus Devin Shore in Rampage zone.
8:16 of 2nd period - Blake Pietila is hit by Jujhar Khaira.
8:22 of 2nd period - Minor Penalty to Jujhar Khaira for Tripping.
8:23 of 2nd period - Blake Pietila wins face-off versus Devin Shore in Thunderbirds zone.
8:24 of 2nd period - Wrist shot by Martin Hanzal.
8:24 of 2nd period - Shot Blocked by T.J. Tynan.
8:26 of 2nd period - Slapshot by Damon Severson.
8:26 of 2nd period - Stopped by Joonas Korpisalo with a rebound.
8:28 of 2nd period - Slapshot by Jamie Oleksiak.
8:28 of 2nd period - Stopped by Joonas Korpisalo with a rebound.
8:30 of 2nd period - Wrist shot by Blake Pietila.
8:30 of 2nd period - Stopped by Joonas Korpisalo with a rebound.
8:32 of 2nd period - Wrist shot by Blake Pietila.
8:32 of 2nd period - Shot Misses the Net.
8:34 of 2nd period - Slapshot by Damon Severson.
8:34 of 2nd period - Stopped by Joonas Korpisalo with a rebound.
8:36 of 2nd period - Wrist shot by Blake Pietila.
8:36 of 2nd period - Shot Misses the Net.
8:38 of 2nd period - Snap shot by Blake Pietila.
8:38 of 2nd period - Stopped by Joonas Korpisalo with a rebound.
8:48 of 2nd period - Jamie Oleksiak is hit by Valentin Zykov and loses puck.
9:35 of 2nd period - Jamie Oleksiak is hit by Brandon Montour and loses puck.
9:53 of 2nd period - Icing by Tony DeAngelo.
9:54 of 2nd period - Valentin Zykov wins face-off versus Martin Hanzal in Thunderbirds zone.
10:15 of 2nd period - Penalty to Lawson Crouse is over, Lawson Crouse is back on ice.
10:22 of 2nd period - Penalty to Jujhar Khaira is over, Jujhar Khaira is back on ice.
10:39 of 2nd period - Wrist shot by Blake Pietila.
10:39 of 2nd period - Shot Misses the Net.
10:43 of 2nd period - Wrist shot by Lawson Crouse.
10:43 of 2nd period - Goal by Lawson Crouse - Rampage : 3 - Thunderbirds : 4.
10:44 of 2nd period - Devin Shore wins face-off versus Kyle Rau in neutral zone.
10:46 of 2nd period - Off-side.
10:47 of 2nd period - Kyle Rau wins face-off versus Devin Shore in neutral zone.
11:35 of 2nd period - Snap shot by Thomas Spelling.
11:35 of 2nd period - Shot Blocked by Hudson Fasching.
11:59 of 2nd period - Wrist shot by Thomas Spelling.
11:59 of 2nd period - Shot Misses the Net.
12:01 of 2nd period - Slapshot by Michael Stone.
12:01 of 2nd period - Shot Blocked by Patrick Wey.
12:25 of 2nd period - Slapshot by Thomas Spelling.
12:25 of 2nd period - Goal by Thomas Spelling - Rampage : 4 - Thunderbirds : 4.
12:26 of 2nd period - Martin Hanzal wins face-off versus Devin Shore in neutral zone.
13:41 of 2nd period - Minor Penalty to Christoffer Ehn for Hooking.
13:42 of 2nd period - Devin Shore wins face-off versus Martin Hanzal in Thunderbirds zone.
13:46 of 2nd period - Slapshot by Martin Marincin.
13:46 of 2nd period - Shot Misses the Net.
13:48 of 2nd period - Wrist shot by Jacob De La Rose.
13:48 of 2nd period - Stopped by Laurent Brossoit with a rebound.
14:13 of 2nd period - Tony DeAngelo is hit by Max Friberg and loses puck.
14:27 of 2nd period - Tony DeAngelo is hit by Joe Morrow and loses puck.
15:41 of 2nd period - Penalty to Christoffer Ehn is over, Christoffer Ehn is back on ice.
16:02 of 2nd period - Wrist shot by T.J. Tynan.
16:02 of 2nd period - Stopped by Laurent Brossoit without a rebound.
16:03 of 2nd period - Dylan Sikura wins face-off versus Kyle Rau in Rampage zone.
16:12 of 2nd period - Snap shot by Valentin Zykov.
16:12 of 2nd period - Shot Misses the Net.
16:29 of 2nd period - Brandon Montour is hit by Lawson Crouse and loses puck.
16:42 of 2nd period - Wrist shot by Roope Hintz.
16:42 of 2nd period - Goal by Roope Hintz - Rampage : 4 - Thunderbirds : 5.
16:43 of 2nd period - Martin Hanzal wins face-off versus Devin Shore in neutral zone.
16:50 of 2nd period - Wrist shot by Martin Hanzal.
16:50 of 2nd period - Stopped by Joonas Korpisalo with a rebound.
16:58 of 2nd period - Slapshot by Jujhar Khaira.
16:58 of 2nd period - Shot Misses the Net.
17:08 of 2nd period - Joe Morrow is hit by Petr Straka and loses puck.
17:24 of 2nd period - Icing by Jamie Oleksiak.
17:25 of 2nd period - Sebastian Aho wins face-off versus Jack Roslovic in Rampage zone.
17:36 of 2nd period - Jacob De La Rose is hit by Lawson Crouse and loses puck.
17:37 of 2nd period - Jacob De La Rose from Thunderbirds is injured at 17:37 of 2nd period (Lower Body).
17:38 of 2nd period - Devin Shore wins face-off versus Martin Hanzal in Thunderbirds zone.
17:43 of 2nd period - Slapshot by Patrick Wey.
17:43 of 2nd period - Stopped by Laurent Brossoit with a rebound.
18:12 of 2nd period - Slapshot by Joe Morrow.
18:12 of 2nd period - Stopped by Joonas Korpisalo without a rebound.
18:13 of 2nd period - Martin Hanzal wins face-off versus T.J. Tynan in Thunderbirds zone.
19:23 of 2nd period - Brandon Montour is hit by Lawson Crouse and loses puck.
19:49 of 2nd period - Snap shot by T.J. Tynan.
19:49 of 2nd period - Stopped by Laurent Brossoit without a rebound.
19:50 of 2nd period - Matthew Highmore wins face-off versus T.J. Tynan in Rampage zone.
Goals for this period are 3 for Rampage vs 3 for Thunderbirds.
Shots for this period are 14 for Rampage vs 9 for Thunderbirds.
3rd period
0:01 of 3rd period - Martin Hanzal wins face-off versus Devin Shore in neutral zone.
0:06 of 3rd period - Snap shot by Martin Hanzal.
0:06 of 3rd period - Stopped by Joonas Korpisalo with a rebound.
0:28 of 3rd period - Snap shot by Martin Hanzal.
0:28 of 3rd period - Stopped by Joonas Korpisalo with a rebound.
0:51 of 3rd period - Devin Shore is hit by Lawson Crouse and loses puck.
1:00 of 3rd period - Slapshot by Patrick Wey.
1:00 of 3rd period - Stopped by Laurent Brossoit with a rebound.
1:02 of 3rd period - Slapshot by Jujhar Khaira.
1:02 of 3rd period - Shot Misses the Net.
1:06 of 3rd period - Wrist shot by Martin Frk.
1:06 of 3rd period - Stopped by Laurent Brossoit without a rebound.
1:07 of 3rd period - Sebastian Aho wins face-off versus T.J. Tynan in Rampage zone.
1:07 of 3rd period - Sebastian Aho is hit by Petr Straka.
1:45 of 3rd period - Slapshot by Tony DeAngelo.
1:45 of 3rd period - Shot Blocked by Kyle Rau.
1:47 of 3rd period - Snap shot by Roope Hintz.
1:47 of 3rd period - Shot Misses the Net.
1:49 of 3rd period - Snap shot by Roope Hintz.
1:49 of 3rd period - Stopped by Laurent Brossoit with a rebound.
1:51 of 3rd period - Snap shot by T.J. Tynan.
1:51 of 3rd period - Shot Misses the Net.
1:53 of 3rd period - Wrist shot by Petr Straka.
1:53 of 3rd period - Shot Misses the Net.
2:01 of 3rd period - Jamie Oleksiak is hit by Roope Hintz and loses puck.
2:16 of 3rd period - Slapshot by Thomas Spelling.
2:16 of 3rd period - Deflect By Kyle Rau.
2:16 of 3rd period - Stopped by Joonas Korpisalo without a rebound.
2:17 of 3rd period - Jack Roslovic wins face-off versus Sebastian Aho in Thunderbirds zone.
2:17 of 3rd period - Patrick Wey is hit by Max Friberg and loses puck.
3:14 of 3rd period - Ethan Bear is hit by Sebastian Aho and loses puck.
3:47 of 3rd period - Snap shot by Martin Hanzal.
3:47 of 3rd period - Shot Blocked by Patrick Wey.
3:49 of 3rd period - Snap shot by Lawson Crouse.
3:49 of 3rd period - Shot Blocked by Martin Frk.
3:51 of 3rd period - Snap shot by Jamie Oleksiak.
3:51 of 3rd period - Stopped by Joonas Korpisalo without a rebound.
3:52 of 3rd period - Martin Hanzal wins face-off versus Devin Shore in Thunderbirds zone.
3:55 of 3rd period - Snap shot by Martin Hanzal.
3:55 of 3rd period - Shot Blocked by Tony DeAngelo.
4:22 of 3rd period - Slapshot by Max Friberg.
4:22 of 3rd period - Shot Misses the Net.
4:28 of 3rd period - Minor Penalty to T.J. Tynan for Holding.
4:29 of 3rd period - Martin Hanzal wins face-off versus Christoffer Ehn in Thunderbirds zone.
4:40 of 3rd period - Wrist shot by Christoffer Ehn.
4:40 of 3rd period - Shot Blocked by Jamie Oleksiak.
4:42 of 3rd period - Snap shot by Devin Shore.
4:42 of 3rd period - Shot Blocked by Blake Pietila.
5:02 of 3rd period - Snap shot by Joe Morrow.
5:02 of 3rd period - Shot Misses the Net.
5:04 of 3rd period - Wrist shot by Sebastian Aho.
5:04 of 3rd period - Shot Blocked by Brandon Montour.
6:22 of 3rd period - Thomas Spelling is hit by Jujhar Khaira and loses puck.
6:28 of 3rd period - Penalty to T.J. Tynan is over, T.J. Tynan is back on ice.
6:33 of 3rd period - T.J. Tynan is hit by Victor Olofsson and loses puck.
6:52 of 3rd period - Kyle Rau is hit by T.J. Tynan and loses puck.
7:35 of 3rd period - Ethan Bear is hit by Michael Stone and loses puck.
7:42 of 3rd period - Damon Severson is hit by Hudson Fasching and loses puck.
8:24 of 3rd period - Minor Penalty to Jujhar Khaira for Hooking.
8:25 of 3rd period - Martin Hanzal wins face-off versus Christoffer Ehn in Thunderbirds zone.
8:26 of 3rd period - Snap shot by Alexandre Grenier.
8:26 of 3rd period - Shot Blocked by Tony DeAngelo.
9:00 of 3rd period - Snap shot by Max Friberg.
9:00 of 3rd period - Shot Blocked by Christoffer Ehn.
9:02 of 3rd period - Snap shot by Lawson Crouse.
9:02 of 3rd period - Shot Misses the Net.
9:04 of 3rd period - Snap shot by Jamie Oleksiak.
9:04 of 3rd period - Stopped by Joonas Korpisalo without a rebound.
9:05 of 3rd period - Christoffer Ehn wins face-off versus Sebastian Aho in Thunderbirds zone.
9:05 of 3rd period - Christoffer Ehn is hit by Lawson Crouse.
9:30 of 3rd period - Brandon Montour is hit by Michael Stone and loses puck.
9:55 of 3rd period - Snap shot by Max Friberg.
9:55 of 3rd period - Deflect By Sebastian Aho.
9:55 of 3rd period - Stopped by Joonas Korpisalo with a rebound.
10:14 of 3rd period - Icing by Sebastian Aho.
10:15 of 3rd period - Christoffer Ehn wins face-off versus Sebastian Aho in Rampage zone.
10:24 of 3rd period - Penalty to Jujhar Khaira is over, Jujhar Khaira is back on ice.
10:36 of 3rd period - Snap shot by Martin Hanzal.
10:36 of 3rd period - Shot Blocked by Roope Hintz.
10:46 of 3rd period - Slapshot by Jack Roslovic.
10:46 of 3rd period - Shot Misses the Net.
10:48 of 3rd period - Wrist shot by T.J. Tynan.
10:48 of 3rd period - Shot Misses the Net.
12:21 of 3rd period - Snap shot by Alexandre Grenier.
12:21 of 3rd period - Deflect By Lawson Crouse.
12:21 of 3rd period - Stopped by Joonas Korpisalo without a rebound.
12:22 of 3rd period - Devin Shore wins face-off versus Martin Hanzal in Thunderbirds zone.
12:27 of 3rd period - Snap shot by Martin Hanzal.
12:27 of 3rd period - Shot Blocked by Ethan Bear.
12:58 of 3rd period - Off-side.
12:59 of 3rd period - Christoffer Ehn wins face-off versus Matthew Highmore in neutral zone.
13:02 of 3rd period - Anton Karlsson is hit by Dylan Sikura and loses puck.
13:09 of 3rd period - Backhand shot by Valentin Zykov.
13:09 of 3rd period - Shot Blocked by Fredrik Olofsson.
13:11 of 3rd period - Slapshot by Brandon Montour.
13:11 of 3rd period - Stopped by Laurent Brossoit with a rebound.
13:13 of 3rd period - Slapshot by Brandon Montour.
13:13 of 3rd period - Stopped by Laurent Brossoit with a rebound.
13:15 of 3rd period - Slapshot by Patrick Wey.
13:15 of 3rd period - Deflect By Valentin Zykov.
13:15 of 3rd period - Shot Misses the Net.
13:15 of 3rd period - Puck is out of play.
13:16 of 3rd period - Martin Hanzal wins face-off versus Devin Shore in Rampage zone.
13:16 of 3rd period - Martin Hanzal is hit by Patrick Wey.
13:24 of 3rd period - Slapshot by Michael Stone.
13:24 of 3rd period - Shot Misses the Net.
13:26 of 3rd period - Snap shot by Alexandre Grenier.
13:26 of 3rd period - Shot Blocked by Devin Shore.
13:28 of 3rd period - Wrist shot by Michael Stone.
13:28 of 3rd period - Deflect By Martin Hanzal.
13:28 of 3rd period - Stopped by Joonas Korpisalo with a rebound.
13:38 of 3rd period - Minor Penalty to Patrick Wey for High sticking.
13:39 of 3rd period - Martin Hanzal wins face-off versus Christoffer Ehn in Thunderbirds zone.
15:38 of 3rd period - Penalty to Patrick Wey is over, Patrick Wey is back on ice.
15:45 of 3rd period - Snap shot by Jujhar Khaira.
15:45 of 3rd period - Shot Misses the Net.
15:47 of 3rd period - Slapshot by Jujhar Khaira.
15:47 of 3rd period - Shot Blocked by Thomas Spelling.
15:49 of 3rd period - Wrist shot by T.J. Tynan.
15:49 of 3rd period - Goal by T.J. Tynan - Rampage : 4 - Thunderbirds : 6.
15:50 of 3rd period - Martin Frk wins face-off versus Anton Karlsson in neutral zone.
16:04 of 3rd period - Wrist shot by Thomas Spelling.
16:04 of 3rd period - Stopped by Joonas Korpisalo without a rebound.
16:05 of 3rd period - Jack Roslovic wins face-off versus Martin Hanzal in Thunderbirds zone.
16:30 of 3rd period - Martin Frk is hit by Damon Severson and loses puck.
16:35 of 3rd period - Snap shot by Kyle Rau.
16:35 of 3rd period - Stopped by Joonas Korpisalo with a rebound.
16:37 of 3rd period - Slapshot by Joe Morrow.
16:37 of 3rd period - Shot Blocked by Brandon Montour.
16:39 of 3rd period - Wrist shot by Kyle Rau.
16:39 of 3rd period - Shot Blocked by Jujhar Khaira.
16:41 of 3rd period - Snap shot by Anton Karlsson.
16:41 of 3rd period - Stopped by Joonas Korpisalo without a rebound.
16:42 of 3rd period - Jack Roslovic wins face-off versus Martin Hanzal in Thunderbirds zone.
16:48 of 3rd period - Off-side.
16:49 of 3rd period - Martin Hanzal wins face-off versus Jack Roslovic in neutral zone.
17:26 of 3rd period - Tony DeAngelo is hit by Michael Stone and loses puck.
17:54 of 3rd period - Wrist shot by Martin Hanzal.
17:54 of 3rd period - Stopped by Joonas Korpisalo with a rebound.
18:08 of 3rd period - Snap shot by Martin Hanzal.
18:08 of 3rd period - Shot Blocked by Martin Marincin.
18:10 of 3rd period - Snap shot by Damon Severson.
18:10 of 3rd period - Deflect By Martin Hanzal.
18:10 of 3rd period - Shot Misses the Net.
18:10 of 3rd period - Puck is out of play.
18:11 of 3rd period - Kyle Rau wins face-off versus Jack Roslovic in Thunderbirds zone.
18:12 of 3rd period - Snap shot by Thomas Spelling.
18:12 of 3rd period - Shot Blocked by Hudson Fasching.
18:14 of 3rd period - Slapshot by Fredrik Olofsson.
18:14 of 3rd period - Stopped by Joonas Korpisalo without a rebound.
18:15 of 3rd period - Jack Roslovic wins face-off versus Kyle Rau in Thunderbirds zone.
18:17 of 3rd period - Minor Penalty to T.J. Tynan for Tripping.
18:18 of 3rd period - Christoffer Ehn wins face-off versus Lawson Crouse in Thunderbirds zone.
18:18 of 3rd period - Christoffer Ehn is hit by Lawson Crouse.
19:47 of 3rd period - Lawson Crouse is hit by Martin Marincin and loses puck.
Goals for this period are 0 for Rampage vs 1 for Thunderbirds.
Shots for this period are 13 for Rampage vs 6 for Thunderbirds.
Output by the SimonT Hockey Simulator (STHS) for Francois Prevost